 Dungeon Crawl Stone Soup version 0.30-a0-613-gdd512c7efb (webtiles) character file.

Game seed: 13178866673939151263

518 oldriver the Sneak (level 7, 0/56 HPs)
             Began as a Formicid Wanderer on Jan 9, 2023.
             Splashed by a jelly's acid (1 damage)
             ... on level 4 of the Dungeon.
             The game lasted 00:04:12 (3374 turns).

oldriver the Sneak (Formicid Wanderer)              Turns: 3374, Time: 00:04:13

Health: 0/56       AC: -3    Str: 17    XL:     7   Next: 45%
Magic:  10/10      EV: 12    Int: 12    God:
Gold:   147        SH:  0    Dex: 14    Spells: 9/10 levels left

rFire   . . .      SeeInvis +    o - +2 dagger (venom)
rCold   . . .      Faith    .    (no shield)
rNeg    . . .      Spirit   .    d - +0 leather armour
rPois   .          Reflect  .    (helmet unavailable)
rElec   .          Harm     .    b - +0 cloak
rCorr   .          Rampage  .    t - +0 pair of gloves
Will    .....                    (no boots)
Stlth   +++                      (no amulet)
HPRegen 0.29/turn                (no ring)
MPRegen 0.12/turn                (no ring)

@: corroded
A: permanent stasis, dig shafts and tunnels, antennae 3, four strong arms
a: Dig, Shaft Self


You were on level 4 of the Dungeon.
You visited 1 branch of the dungeon, and saw 4 of its levels.

You collected 147 gold pieces.

Inventory:

Hand Weapons
 j - a +1 scythe of venom
 o - a +2 dagger of venom (weapon)
Armour
 b - a +0 cloak (worn)
 d - a +0 leather armour (worn)
 t - a +0 pair of gloves (worn)
Wands
 a - a wand of digging (4)
 c - a wand of polymorph (3)
Scrolls
 e - 2 scrolls of fog
 f - a scroll of vulnerability {unknown}
 g - 4 scrolls of blinking
 h - a scroll of enchant weapon {unknown}
 i - 2 scrolls of magic mapping
 n - a scroll of torment
Potions
 l - a potion of degeneration
 m - a potion of brilliance {unknown}
 p - 2 potions of flight
 q - a potion of haste {unknown}
 r - a potion of cancellation
 s - a potion of resistance


   Skills:
 + Level 5.3 Fighting
 + Level 3.3 Short Blades
 - Level 2.0 Dodging
 + Level 5.9 Stealth
 - Level 1.0 Unarmed Combat
 - Level 2.1 Spellcasting
 - Level 2.4 Hexes


You had 9 spell levels left.
You knew the following spells:

 Your Spells              Type           Power      Damage    Failure   Level
a - Slow                  Hex            28%        N/A       12%         1

Your spell library contained the following spells:

 Spells                   Type           Power      Damage    Failure   Level
 Confusing Touch          Hex            7%         N/A       36%         3
 Sublimation of Blood     Necr           1%         N/A       45%         2
 Wereblood                Tmut           1%         N/A       45%         2
 Inner Flame              Hex/Fire       4%         N/A       52%         3
 Airstrike                Air            0%         2d(1-17)  97%         4
 Summon Lightning Spire   Summ/Air       1%         N/A       97%         4
 Lightning Bolt           Conj/Air       0%         1d11      100%        5
 Summon Hydra             Summ           0%         N/A       100%        7


Dungeon Overview and Level Annotations

Branches:
Dungeon (4/15)             Temple (0/1) D:4

Altars:


Innate Abilities, Weirdness & Mutations

You cannot be hasted, slowed, berserked, paralysed or teleported.
You can dig through walls and to a lower floor.
You have a pair of large antennae on your head. (SInv)
Your four strong arms can wield two-handed weapons with a shield.


Message History

No target in view!
No target in view!
No target in view!
No target in view!
No target in view!
No target in view!
No target in view!
No target in view!
No target in view!
There is an escape hatch in the ceiling here.
There is an escape hatch in the ceiling here.
You hit the jelly.
Your hands burn!
The jelly is moderately wounded.
The jelly hits you. The acid corrodes you!
You are splashed with acid!
You hit the jelly.
Your hands burn!
The jelly is moderately wounded.
The jelly misses you.
You hit the jelly.
Your hands burn!
You punch the jelly.
The jelly is severely wounded.
The jelly barely misses you.
You are too injured to fight recklessly!
You hit the jelly.
Your hands burn!
The jelly is severely wounded.
You hit the jelly but do no damage.
Your hands burn!
The jelly is severely wounded.
The jelly hits you.
You are splashed with acid!
* * * LOW HITPOINT WARNING * * *
You hit the jelly.
Your hands burn!
* * * LOW HITPOINT WARNING * * *
The jelly is severely wounded.
The jelly barely misses you.
You hit the jelly.
The jelly is poisoned.
Your hands burn!
* * * LOW HITPOINT WARNING * * *
The jelly is almost dead.
The jelly hits you.
* * * LOW HITPOINT WARNING * * *
The acid corrodes you!
You are splashed with acid!
* * * LOW HITPOINT WARNING * * *
You hit the jelly but do no damage.
Your hands burn!
You die...

..... ..... ##.....
#....... ## . ##......# .
.##... ##.......#. ...#...
##..J..>... ...#...
#..@###..### #......
###..##..##.###..#...
#.........#......#...
#....†.......#.......
#........<.....#.......
#.......................
####..............#........
#..###...##.......###......
#....#...##.......#.#...[.#


You could see a jelly (very poisoned).

Vanquished Creatures
  Sigmund (D:3)
  Duvessa (D:4)
  Dowan (D:4)
  An orc priest (D:3)
  An orc wizard (D:3)
  5 adders (D:2)
  A worm (D:3)
  2 dart slugs
  4 orcs (D:3)
  3 endoplasms
  5 giant cockroaches
  9 goblins
  5 hobgoblins
  11 jackals
  2 quokkas
  10 ball pythons
  5 bats
  5 frilled lizards
  5 kobolds
  5 rats
82 creatures vanquished.

Notes
Turn   | Place    | Note
-------+----------+-------------------------------------------
     0 | D:1      | oldriver the Formicid Wanderer began the quest for the Orb.
     0 | D:1      | oldriver set off with the following items: a +0 club, a +0
                  | cloak, a potion of curing, a +0 leather armour, a scroll of
                  | fog; and the following spell memorised: Slow; and the
                  | following spells available to memorise: Confusing Touch,
                  | Inner Flame.
     0 | D:1      | Reached XP level 1. HP: 16/16 MP: 3/3
   112 | D:1      | Reached XP level 2. HP: 23/23 MP: 5/5
   461 | D:1      | Reached XP level 3. HP: 28/28 MP: 6/6
  1137 | D:2      | Reached XP level 4. HP: 33/35 MP: 7/7
  1715 | D:2      | Reached XP level 5. HP: 42/42 MP: 8/8
  2082 | D:3      | Reached skill level 1 in Short Blades
  2654 | D:3      | Noticed Sigmund
  2669 | D:3      | Killed Sigmund
  2670 | D:3      | Reached skill level 5 in Stealth
  2670 | D:3      | Reached XP level 6. HP: 16/50 MP: 9/9
  3082 | D:4      | Noticed Dowan
  3085 | D:4      | Noticed Duvessa
  3112 | D:4      | Killed Duvessa
  3113 | D:4      | Reached skill level 5 in Fighting
  3113 | D:4      | Reached XP level 7. HP: 15/56 MP: 10/10
  3276 | D:4      | Killed Dowan
  3294 | D:4      | Found a staircase to the Ecumenical Temple.
  3373 | D:4      | HP: 1/56 [acid (9)]
  3374 | D:4      | Splashed by a jelly's acid

Illustrated notes

Levels and vault maps discovered:
D:1:      dpeg_arrival_central, layout_loops_ring
D:2:      layout_basic, kennysheep_doodads, corexii_shack,
          hangedman_abyss_or_decor_stabs
D:3:      layout_basic, minmay_misc_feat_chi, uniq_sigmund
D:4:      layout_cave_pools, minmay_temple_entry_purple_smoke,
          minmay_strange_pillars, uniq_duvessa

Skill      XL: |  1  2  3  4  5  6 |
---------------+-------------------+-----
Dodging        | 2 |  2.0
Stealth        | 2 3 5 |  5.9
Fighting       | 3 4 5 |  5.3
Short Blades   | 2 3 |  3.3
Unarmed Combat | |  1.0
Spellcasting   | |  2.1
Hexes          | |  2.4

Action                   |  1- 3 |  4- 6 |  7- 9 || total
-------------------------+-------+-------+-------++-------
Melee: Club              |   137 |       |       ||   137
       Dagger            |    10 |   138 |    24 ||   172
       Punch             |       |     2 |     1 ||     3
  Use: Scroll            |       |    12 |       ||    12
       Potion            |       |     2 |       ||     2
 Stab: Sleeping          |     4 |     5 |       ||     9
       Distracted        |     1 |       |       ||     1
Armor: Leather armour    |    64 |    44 |     7 ||   115
Dodge: Dodged            |   121 |    85 |    15 ||   221

Table legend: (Time is in decaauts)
 A = Elapsed time spent in this place.
 B = Non-inter-level travel time spent in this place.
 C = Inter-level travel time spent in this place.
 D = Time resting spent in this place.
 E = Time spent auto-exploring this place.
 F = Levels seen in this place.
 G = Mean time per level.
                   A        B        C        D        E       F      G
               +--------+--------+--------+--------+--------+-----+--------+
         Total |   3402 |   3303 |     99 |    429 |   2114 |   4 |  850.5 |
       Dungeon |   3402 |   3303 |     99 |    429 |   2114 |   4 |  850.5 |
               +--------+--------+--------+--------+--------+-----+--------+

Top non-repeatable levels by time:
     D:2: 1119 daAuts
     D:3: 1033 daAuts
     D:1: 990 daAuts
     D:4: 259 daAuts
